AoeStats
← MeowMe

Black Forest

503367240Analyzed
4v4 RM · 1mo ago on Aug 31, 2026· 53m 38s· 8 players
Game mode
Random Map
Map size
Large (8 player)
Population
200
Speed
Normal
Resources
Standard
Victory
Conquest
Starting age
Dark Age
Ending age
Imperial Age
RankedLock teamsTeams togetherTeam positionsShared explorationLock speedFull tech treeHidden civsTurbo modeCheats
Victory
Defeat
🇹🇷 Bohemians · Türkiye
1552
+14
🇩🇪 Jurchens · Germany
1535
+14
🇨🇳 Koreans · China
1533
+15
🇪🇸 Italians · Spain
1441
+19
🇹🇼 Ethiopians · Taiwan
1579
-19
🇷🇺 Bengalis · Russia
1554
-18
🇧🇾 Britons · Belarus
1491
-15
🇬🇪 Slavs · Georgia
1381
-10
Kempinho
10:59 Feudal Age
12:14 Double-Bit Axe
14:54 Castle Age
12:52 Horse Collar
15:56 Bow Saw
17:47 Wheelbarrow
23:31 Loom
23:58 Scale Barding Armor
27:51 Forging
30:06 Iron Casting
30:27 Devotion
34:12 Imperial Age
31:58 Hand Cart
33:14 Chain Barding Armor
33:00 Heavy Plow
33:26 Bloodlines
33:16 Husbandry
34:36 Caravan
34:15 Heavy Rocket Cart
35:02 Fletching
35:13 Padded Archer Armor
35:46 Bodkin Arrow
35:25 Elite Skirmisher
36:34 Ballistics
36:57 Leather Archer Armor
37:58 Chemistry
37:20 Bracer
37:58 Siege Engineers
38:24 Thunderclap Bombs
38:57 Ring Archer Armor
39:15 Conscription
39:36 Plate Barding Armor
38:50 Town Watch
40:55 Blast Furnace
39:25 Elite Steppe Lancer
43:06 Masonry
48:59 Architecture
53:17 Coinage
NikTheBrewer
1:00 Loom
11:19 Feudal Age
11:56 Double-Bit Axe
15:55 Castle Age
13:44 Horse Collar
15:02 Gold Mining
15:02 Stone Mining
17:14 Bow Saw
18:07 Town Watch
22:42 Heavy Plow
23:53 Wheelbarrow
26:05 Fletching
26:16 Padded Archer Armor
26:51 Bodkin Arrow
28:28 Silk Road
27:59 Crossbowman
31:35 Imperial Age
29:48 Ballistics
30:13 Leather Archer Armor
30:06 Thumb Ring
30:34 Caravan
31:12 Forging
30:47 Elite Skirmisher
32:26 Bracer
31:54 Arbalester
33:42 Chemistry
34:46 Masonry
35:08 Hand Cart
39:58 Architecture
41:16 Two-Man Saw
40:47 Crop Rotation
40:49 Conscription
39:51 Elite Genoese Crossbowman
42:03 Hoardings
42:07 Pirotechnia
45:18 Bracer
45:48 Ring Archer Armor
46:40 Guilds
47:00 Coinage
47:23 Bombard Tower
46:45 Treadmill Crane
47:08 Town Patrol
51:31 Banking
52:46 Capped Ram
Ainz_Own_Goal
11:42 Feudal Age
15:26 Castle Age
13:31 Double-Bit Axe
17:32 Bow Saw
17:04 Horse Collar
22:45 Heavy Plow
23:38 Wheelbarrow
25:04 Loom
29:13 Imperial Age
27:02 Scale Mail Armor
27:12 Forging
27:08 Squires
26:53 Arson
27:47 Hand Cart
27:25 Pikeman
28:10 Town Watch
29:29 Chain Mail Armor
29:49 Iron Casting
30:51 Chemistry
30:01 Siege Engineers
30:43 Plate Mail Armor
29:56 Halberdier
32:42 Blast Furnace
31:05 Houfnice
32:26 Wagenburg Tactics
33:16 Padded Archer Armor
38:17 Coinage
37:48 Caravan
38:02 Guard Tower
38:17 Fletching
39:30 Bodkin Arrow
39:57 Ballistics
40:44 Keep
41:10 Conscription
41:15 Masonry
41:47 Bracer
41:44 Arrowslits
49:01 Two-Man Saw
50:37 Architecture
50:53 Hussite Reforms
knife
1:25 Loom
15:00 Feudal Age
25:35 Double-Bit Axe
30:19 Castle Age
30:44 Gold Mining
31:38 Horse Collar
32:08 Bow Saw
33:19 Bow Saw
38:25 Wheelbarrow
37:51 Heavy Plow
39:10 Caravan
44:44 Imperial Age
42:57 Hand Cart
43:36 Scale Mail Armor
43:47 Forging
44:31 Ballistics
43:52 Treadmill Crane
44:23 Masonry
44:51 Chain Mail Armor
44:51 Eupseong
46:49 Chemistry
46:24 Fletching
47:24 Conscription
47:02 Bodkin Arrow
47:46 Bracer
47:33 Arrowslits
49:03 Plate Mail Armor
49:31 Iron Casting
49:17 Squires
49:05 Elite Fire Lancer
50:42 Guilds
52:44 Arson
SiraZaika
0:27 Loom
11:32 Feudal Age
15:36 Castle Age
14:01 Double-Bit Axe
14:39 Horse Collar
16:10 Town Watch
20:29 Wheelbarrow
23:52 Bow Saw
28:10 Imperial Age
25:58 Fletching
26:25 Padded Archer Armor
27:21 Scale Barding Armor
27:28 Bloodlines
27:19 Husbandry
27:25 Bodkin Arrow
29:07 Chain Barding Armor
30:14 Chemistry
29:36 Ballistics
30:33 Hand Cart
30:51 Heavy Plow
32:21 Conscription
32:15 Bracer
32:48 Forging
35:05 Light Cavalry
36:33 Leather Archer Armor
36:27 Gold Mining
36:29 Stone Mining
36:26 Elite Skirmisher
37:53 Ring Archer Armor
38:06 Gold Shaft Mining
38:09 Plate Barding Armor
39:40 Redemption
40:51 Elite Elephant Archer
42:00 Block Printing
44:07 Mahayana
45:01 Guard Tower
44:58 Arrowslits
44:54 Treadmill Crane
45:25 Masonry
49:34 Iron Casting
52:11 Blast Furnace
OLADUSHEK
11:28 Loom
13:45 Feudal Age
13:58 Man-at-Arms
15:16 Arson
15:18 Double-Bit Axe
18:48 Town Watch
28:19 Castle Age
31:12 Bow Saw
30:43 Horse Collar
30:56 Gold Mining
32:29 Wheelbarrow
33:43 Fletching
34:33 Bodkin Arrow
35:20 Treadmill Crane
35:36 Stone Mining
35:52 Heavy Plow
37:48 Ballistics
39:04 Gold Shaft Mining
38:53 Fortified Wall
39:29 Hand Cart
43:34 Imperial Age
41:21 Masonry
42:36 Yeomen
43:49 Padded Archer Armor
44:19 Bracer
45:22 Chemistry
44:09 Elite Longbowman
46:20 Leather Archer Armor
46:39 Architecture
47:21 Conscription
[LuB]cph
10:14 Feudal Age
10:53 Double-Bit Axe
13:48 Castle Age
12:27 Horse Collar
14:46 Bow Saw
14:36 Heavy Plow
18:59 Wheelbarrow
20:52 Hand Cart
23:01 Town Watch
24:56 Gold Mining
24:56 Stone Mining
28:08 Imperial Age
25:40 Loom
26:01 Scale Mail Armor
26:05 Fletching
27:37 Bodkin Arrow
27:43 Padded Archer Armor
27:39 Crossbowman
28:48 Ballistics
29:52 Chemistry
28:41 Arbalester
29:28 Bracer
29:44 Leather Archer Armor
31:03 Two-Man Saw
31:32 Stone Shaft Mining
31:35 Gold Shaft Mining
31:57 Conscription
31:50 Siege Engineers
32:58 Ring Archer Armor
32:35 Thumb Ring
33:06 Heavy Scorpion
34:15 Masonry
35:04 Torsion Engines
38:19 Architecture
39:25 Guard Tower
39:49 Onager
41:12 Capped Ram
42:48 Siege Ram
48:08 Caravan
53:02 Squires
53:03 Scale Mail Armor
MeowMe
12:08 Feudal Age
15:46 Castle Age
14:37 Double-Bit Axe
14:33 Horse Collar
15:08 Town Watch
15:10 Loom
21:53 Heavy Plow
21:52 Gold Mining
21:53 Stone Mining
26:12 Bow Saw
30:06 Pikeman
30:46 Squires
30:49 Scale Mail Armor
31:00 Forging
37:53 Imperial Age
36:16 Scale Mail Armor
36:38 Detinets
36:55 Fletching
38:57 Scale Barding Armor
39:29 Iron Casting
40:57 Wheelbarrow
41:04 Gold Shaft Mining
42:36 Onager
43:00 Onager
45:28 Bodkin Arrow
45:54 Chain Barding Armor
46:35 Blast Furnace
46:23 Hand Cart
46:08 Town Patrol
46:59 Chain Mail Armor
47:44 Fortified Wall
48:36 Chemistry
47:59 Ballistics
50:23 Halberdier
51:57 Plate Mail Armor
Connection lost

Rejoining the realm…

Still unreachable

The connection could not be restored.

Session expired

The server has moved on; the page needs a fresh start.